 Dungeon Crawl Stone Soup version 0.31-a0-986-g5e6e4ef867 (webtiles) character file.

Game seed: 9466325402397736881

4 Maxmaps the Sneak (level 1, -2/16 HPs)
             Began as an Octopode Delver on Nov 7, 2023.
             Killed by divine providence
             ... invoked by an orc priest
              (13 damage)
             ... on level 4 of the Dungeon.
             The game lasted 00:00:18 (85 turns).

Maxmaps the Sneak (Octopode Delver)                   Turns: 85, Time: 00:00:19

Health: -2/16      AC:  1    Str: 11    XL:     1   Next: 70%
Magic:  1/1        EV: 13    Int: 12    God:
Gold:   0          SH:  0    Dex: 19    Spells: 0/0 levels left

rFire   . .          .
                       - Unarmed
rCold   . . .        (no shield)
rNeg    . . .        (helmet restricted)
rPois   .            (no amulet)
rElec   .            f - +6 ring of dexterity
rCorr   .            (no ring)
SInv    .            (no ring)
Will    .....        (no ring)
Stlth   +++++        (no ring)
HPRegen 0.22/turn    (no ring)
MPRegen 0.07/turn    (no ring)
                     (no ring)

%: no passive effects
@: no status effects
A: almost no armour, amphibious, 8 rings, camouflage 1, gelatinous body 1,
(nimble swimmer 1), tentacles
a: no special abilities


You were on level 4 of the Dungeon.
You visited 1 branch of the dungeon, and saw 2 of its levels.

Inventory:

Armour
 g - a +0 kite shield
Jewellery
 f - a +6 ring of dexterity (left tentacle)
Wands
 e - a wand of digging (3)
Scrolls
 a - a scroll of fog
 b - a scroll of revelation
 c - a scroll of fear
Potions
 d - a potion of haste


   Skills:
 - Level 3.0 Fighting
 - Level 2.0 Dodging
 + Level 7.0 Stealth
 - Level 2.0 Unarmed Combat


You couldn't memorise any spells.
You didn't know any spells.
Your spell library was empty.

Dungeon Overview and Level Annotations

Branches:
Dungeon (5/15)             Temple (0/1) D:4

Altars:
Makhleb


Innate Abilities, Weirdness & Mutations

You cannot wear most types of armour.
You are amphibious.
You can wear up to eight rings at the same time.
Your skin changes colour to match your surroundings (Stealth+).
Your rubbery body absorbs attacks. (AC +1, EV +1)
((You are camouflaged when in or above water. (Stealth+)))
You have tentacles for arms and can constrict up to eight enemies at once.


Message History

You are frozen.
You see here a quokka corpse.
You tentacle-slap the endoplasm.
The endoplasm is moderately wounded.
The endoplasm freezes you.
You are frozen.
You are too injured to fight recklessly!
You barely miss the endoplasm.
The endoplasm is moderately wounded.
The endoplasm freezes you.
You are frozen.
You tentacle-slap the endoplasm.
You kill the endoplasm!
You start resting.
HP restored.
You feel agile.
f - a +6 ring of dexterity (left tentacle)
You see here a +0 kite shield.
g - a +0 kite shield A ball python comes into view.
The ball python hisses angrily.
Found 8 stones.
An orc priest comes into view. It is wielding a +0 hand axe.
The ball python bites you. The ball python misses you.
The ball python completely misses you. The ball python grabs you.
The ball python constricts you.
The orc priest shouts!
You tentacle-slap the ball python.
You kill the ball python!
You hear an angry hiss.
Your Stealth skill increases to level 7!
The orc priest invokes the aid of Beogh against you.
Pain shoots through your body!
You see here a ball python corpse.
Found the Unrestrained Analects.
Found a staircase to the Ecumenical Temple.
The orc priest mumbles some strange prayers to Beogh against you.
Beogh smites you!
Ouch! That really hurt!
You die...

...# .# #
##..##.# #.
.>.....
##.##.(...
#...#.... #:.....
#..o## ##@.#
####†..#
#....####
##.......##
#...#.....#
..####..#...####
..#.#........#.#.
...............[.
##...##.........


You could see an orc priest.

Vanquished Creatures
  An endoplasm (D:4)
  A kobold (D:4)
  A quokka (D:4)
  A ball python (D:4)
4 creatures vanquished.

Notes
Turn   | Place    | Note
-------+----------+-------------------------------------------
     0 | D:5      | Maxmaps the Octopode Delver began the quest for the Orb.
     0 | D:5      | Reached XP level 1. HP: 16/16 MP: 1/1
     2 | D:5      | Found a burning altar of Makhleb.
     3 | D:5      | Noticed an iguana
    81 | D:4      | Noticed an orc priest
    84 | D:4      | Reached skill level 7 in Stealth
    85 | D:4      | Found a staircase to the Ecumenical Temple.
    85 | D:4      | Killed from afar by an orc priest

Illustrated notes

Levels and vault maps discovered:
D:4:      layout_cave_pools, minmay_temple_entry_proselytizer, serial_shops,
          shop
D:5:      layout_cave_pods, nicolae_qazlal_beasts_of_the_sky, bloody_makhleb,
          nicolae_shop_overcharged_wands, uniq_duvessa, uniq_eustachio

Skill      XL: |  1 |
---------------+----+-----
Stealth        | 7 |  7.0
Fighting       | |  3.0
Dodging        | |  2.0
Unarmed Combat | |  2.0

Action                     || total
---------------------------++-------
  Melee: Unarmed           ||     9
         Constrict         ||     1
   Stab: Sleeping          ||     1
 Armour: Skin              ||     4
  Dodge: Dodged            ||     4

Table legend: (Time is in decaauts)
 A = Elapsed time spent in this place.
 B = Non-inter-level travel time spent in this place.
 C = Inter-level travel time spent in this place.
 D = Time resting spent in this place.
 E = Time spent auto-exploring this place.
 F = Levels seen in this place.
 G = Mean time per level.
                   A        B        C        D        E       F      G
               +--------+--------+--------+--------+--------+-----+--------+
         Total |     84 |     84 |      0 |     43 |      0 |   2 |   42.0 |
       Dungeon |     84 |     84 |      0 |     43 |      0 |   2 |   42.0 |
               +--------+--------+--------+--------+--------+-----+--------+

Top non-repeatable levels by time:
     D:4: 79 daAuts
     D:5: 5 daAuts
